 Dungeon Crawl Stone Soup version 0.27-a0-898-g810843a28d (webtiles) character file.

Game seed: 15547100510336882387

724 Alarkh the Grappler (level 7, 51/51 HPs)
             Began as a Demonspawn Gladiator on Apr 5, 2021.
             Got out of the dungeon alive.
             The game lasted 00:03:40 (3592 turns).

Alarkh the Grappler (Demonspawn Gladiator)          Turns: 3592, Time: 00:03:41

Health: 51/51      AC:  4    Str: 15    XL:     7   Next: 43%
Magic:  7/7        EV: 12    Int: 11    God:
Gold:   119        SH:  0    Dex: 14    Spells: 6/6 levels left

rFire    . . .     SeeInvis .     - Unarmed
rCold    . . .     Faith    .   (no shield)
rNeg     . . .     Spirit   .   a - +0 leather armour
rPois    .         Reflect  .   (helmet restricted)
rElec    .         Harm     .   (no cloak)
rCorr    .         Rampage  .   (no gloves)
Will     .....                  (no boots)
Stlth    +.........             (no amulet)
HPRegen  0.17/turn              (no ring)
MPRegen  0.10/turn              (no ring)

@: no status effects
A: horns 1, rugged brown scales 1, spiny 1
a: no special abilities


You escaped.
You visited 1 branch of the dungeon, and saw 4 of its levels.

You collected 119 gold pieces.

Inventory:

Missiles
 c - 3 throwing nets (quivered)
Armour
 a - a +0 leather armour (worn)
 b - a +0 helmet
Magical Staves
 f - a staff of poison
Wands
 d - a wand of digging (4)
Scrolls
 e - a scroll of blinking {unknown}
 g - 5 scrolls of identify {unknown}
 h - a scroll of fog {unknown}
 m - a scroll of brand weapon {unknown}
Potions
 i - a potion of degeneration {unknown}
 j - a potion of cancellation {unknown}
 k - a potion of lignification
 l - a potion of heal wounds {unknown}


   Skills:
 - Level 2.0 Fighting
 - Level 1.7 Throwing
 - Level 2.6 Dodging
 + Level 8.1 Unarmed Combat


You had 6 spell levels left.
You didn't know any spells.
Your spell library contained the following spells:

 Spells                   Type           Power      Damage    Failure   Level
 Confusing Touch          Hex            0%         N/A       78%         3
 Gell's Gravitas          Tloc           0%         N/A       78%         3
 Petrify                  Tmut/Erth      0%         N/A       99%         4
 Metabolic Englaciation   Hex/Ice        0%         N/A       100%        5
 Yara's Violent Unravell  Hex/Tmut       0%         3d3       100%        5


Dungeon Overview and Level Annotations

Branches:
Dungeon (4/15)
 Temple: D:4-7

Altars:
Gozag
Qazlal

Shops:
D:2 *   D:4 [


Innate Abilities, Weirdness & Mutations

You have a pair of small horns on your head.
You are partially covered in rugged brown scales. (AC +1, +3% HP)
You are partially covered in sharp spines.


Message History

Pikel hits you but does no damage.
You smack Pikel!
You kill Pikel!
With Pikel's spell broken, his former minions thank you for their freedom.
The lemure departs this earthly plane. x3
Your Unarmed Combat skill gained 2 levels and is now at level 8!
You have reached level 6!
Your experience leads to an increase in your attributes!
Increase (S)trength, (I)ntelligence, or (D)exterity?
You feel clever.
Your demonic ancestry asserts itself...
A pair of horns grows on your head!
You have reached level 7!
You start resting.
Your transformation is almost over.
You start resting.
You feel less wooden.
Your +0 helmet is pushed off your body!
Your +0 leather armour unmelds from your body.
(D) Dungeon
Where to? (Enter - D:4, ? - help)
What level of the Dungeon? (default 1, ? - help)
Things that are here:
a +0 flail; a +0 dagger; a +0 robe You see here a +0 hand axe.
HP restored.
You see here 7 boomerangs.
You see here 22 poisoned darts.
There is a stone staircase leading up here.
You climb upwards.
There is a stone staircase leading down here.
There is a stone staircase leading up here.
You climb upwards.
There is a stone staircase leading down here.
There is an open door here.
There is a stone staircase leading up here.
You climb upwards.
There is a stone staircase leading down here.
There is a staircase leading out of the dungeon here.
Are you sure you want to leave the Dungeon?
This will make you lose the game!
You have escaped!

##.......## ######.....##
..........## ####......#
##...#.# ##.##.# ###
####.# #.# #.# #>#
####### #.# #@# #......
###### #.######.###
#.#....
.....####.#....#.#.##
#.#..##
##..................#####
#.....#
##...###.....##.##......#
#..†._#
#######.................#
#..⌠... ..#
##...#.##.........#
#.###.# #.#
##.##.######.....# #.#
#.# #.# #.##.######.....#
#.###.#


There were no monsters in sight!

Vanquished Creatures
  Pikel (D:4)
  Blork the orc (D:4)
  An orc wizard (D:4)
  A hound skeleton (D:4)
  A gnoll (D:2)
  5 adders
  2 worms
  A dart slug (D:3)
  10 orcs
  5 ball pythons
  5 bats
  8 endoplasms
  3 giant cockroaches
  3 goblins
  7 hobgoblins
  6 jackals (D:3)
  5 kobolds
  3 quokkas
  5 rats
73 creatures vanquished.

Notes
Turn   | Place    | Note
-------+----------+-------------------------------------------
     0 | D:1      | Alarkh the Demonspawn Gladiator began the quest for the
                  | Orb.
     0 | D:1      | Reached XP level 1. HP: 16/16 MP: 1/1
    34 | D:1      | Reached skill level 3 in Unarmed Combat
    80 | D:1      | Gained mutation: You are partially covered in rugged brown
                  | scales. (AC +1, +3% HP) [demonic ancestry]
    80 | D:1      | Reached XP level 2. HP: 10/22 MP: 2/2
   903 | D:1      | Found a faded altar of an unknown god.
  1109 | D:2      | Found Zixkeygu's Assorted Antiques.
  1150 | D:2      | HP: 1/22 [worm (10)]
  1470 | D:2      | You fall into a shaft and drop 2 floors!
  1473 | D:4      | Noticed Blork the orc
  1489 | D:4      | Killed Blork the orc
  1490 | D:4      | Reached skill level 4 in Unarmed Combat
  1490 | D:4      | Reached XP level 3. HP: 3/27 MP: 3/3
  1490 | D:4      | Gained mutation: You are partially covered in sharp spines.
                  | [demonic ancestry]
  1490 | D:4      | Reached XP level 4. HP: 3/33 MP: 4/4
  1769 | D:4      | Found Yguucw's Antique Armour Boutique.
  1853 | D:4      | Found an opulent altar of Gozag.
  1854 | D:4      | Found a stormy altar of Qazlal.
  1917 | D:3      | Reached skill level 5 in Unarmed Combat
  2484 | D:2      | Reached XP level 5. HP: 39/39 MP: 5/5
  3216 | D:4      | Reached skill level 6 in Unarmed Combat
  3394 | D:4      | Noticed a lemure
  3396 | D:4      | Noticed a lemure
  3397 | D:4      | Noticed Pikel
  3397 | D:4      | Noticed a lemure
  3422 | D:4      | Killed Pikel
  3423 | D:4      | Reached skill level 8 in Unarmed Combat
  3423 | D:4      | Gained mutation: You have a pair of small horns on your
                  | head. [demonic ancestry]
  3423 | D:4      | Reached XP level 6. HP: 45/45 MP: 6/6
  3423 | D:4      | Reached XP level 7. HP: 51/51 MP: 7/7
  3592 | D:$      | Got out of the dungeon alive.

Illustrated notes

Levels and vault maps discovered:
D:1:      dpeg_arrival_tiny_i, layout_loops_corners,
          ebering_ecumenical_altar_abandoned
D:2:      layout_basic, serial_shops, nicolae_shop_statue_plus,
          minmay_joined_circles
D:3:      layout_rooms, minmay_misc_feat_iff, grunt_decor_mini_mirrors,
          wad_floor_pattern_2
D:4:      minmay_opposing_rooms, layout_loops_ring,
          chequers_temple_overflow_statue_of_worship, serial_shops,
          kennysheep_mini_moat, due_unseen_surprise, uniq_pikel,
          uniq_blork_the_orc

Skill      XL: |  1  2  3  4  5 |
---------------+----------------+-----
Unarmed Combat | 3 4 5 8 |  8.1
Fighting       | |  2.0
Throwing       | |  1.7
Dodging        | |  2.6

Action                   |  1- 3 |  4- 6 |  7- 9 || total
-------------------------+-------+-------+-------++-------
Melee: Unarmed           |    90 |   148 |       ||   238
       Punch             |       |     5 |       ||     5
  Use: Potion            |     2 |     2 |       ||     4
Armor: Leather armour    |    16 |    28 |       ||    44
       Skin              |     5 |     5 |       ||    10
Dodge: Dodged            |    46 |    68 |       ||   114

Table legend: (Time is in decaauts)
 A = Elapsed time spent in this place.
 B = Non-inter-level travel time spent in this place.
 C = Inter-level travel time spent in this place.
 D = Time resting spent in this place.
 E = Time spent auto-exploring this place.
 F = Levels seen in this place.
 G = Mean time per level.
                   A        B        C        D        E       F      G
               +--------+--------+--------+--------+--------+-----+--------+
         Total |   3575 |   3348 |    227 |    766 |   2130 |   4 |  893.8 |
       Dungeon |   3575 |   3348 |    227 |    766 |   2130 |   4 |  893.8 |
               +--------+--------+--------+--------+--------+-----+--------+

Top non-repeatable levels by time:
     D:1: 1113 daAuts
     D:2: 1074 daAuts
     D:4: 750 daAuts
     D:3: 636 daAuts
